 Dungeon Sprint DCSS version 0.20.1-1-g8b1a95d (webtiles) character file.

2073 wojtek the Basher (level 9, -6/89 HPs)
             Began as a Minotaur Fighter on Dec 29, 2017.
             Was a Believer of Makhleb.
             Mangled by a centaur warrior (13 damage)
             ... in the Dungeon (Sprint I: "Red Sonja").
             The game lasted 00:02:06 (855 turns).

wojtek the Basher (Minotaur Fighter)                 Turns: 855, Time: 00:02:07

Health: -6/89      AC:  7    Str: 24    XL:     9   Next: 6%
Magic:  8/8        EV: 13    Int:  5    God:    Makhleb [**....]
Gold:   425        SH: 11    Dex: 10    Spells: 8/8 levels left

rFire    . . .     SeeInvis .   a - +0 flail
rCold    . . .     Gourm    .   c - +0 shield
rNeg     . . .     Faith    .   b - +0 scale mail
rPois    .         Spirit   .   (helmet restricted)
rElec    .         Reflect  .   (no cloak)
rCorr    .         Harm     .   (no gloves)
MR       .....     NoTele   +   (no boots)
Stlth    ..........             (no amulet)
Regen    0.3/turn               (no ring)
MPRegen  0.2/turn               (no ring)

@: corroded
A: retaliatory headbutt, horns 2, thin metallic scales 1
a: Minor Destruction, Renounce Religion


You were in the Dungeon.
You worshipped Makhleb.
Makhleb was pleased with you.
You were not hungry.

You visited 1 branch You collected 425 gold pieces.

Inventory:

Hand Weapons
 a - a +0 flail (weapon)
Armour
 b - a +0 scale mail (worn)
 c - a +0 shield (worn)
Scrolls
 k - a scroll of blinking
Potions
 d - a potion of might
 e - a potion of curing
 g - a potion of heal wounds
 h - a potion of haste
 i - 2 potions of magic
 j - a potion of berserk rage
Comestibles
 f - a bread ration
 l - 2 chunks of flesh


   Skills:
 + Level 11.2 Fighting
 * Level 14.5 Maces & Flails
 + Level 11.2 Armour
 + Level 9.3 Dodging
 + Level 7.5 Shields


You had 8 spell levels left.
You didn't know any spells.

Dungeon Overview and Level Annotations

Branches:
Dungeon (1/1)

Altars:
Cheibriados
Dithmenos
Elyvilon
Fedhas
Gozag
Hepliaklqana
Kikubaaqudgha
Makhleb
Nemelex Xobeh
Okawaru
Qazlal
Ru
Sif Muna
Trog
Uskayaw
Vehumet
Xom
Yredelemnul
Zin
The Shining One
Jiyva
Lugonu

Shops:
D :

Annotations:
D exclusion: oklob plant


Innate Abilities, Weirdness & Mutations

You reflexively headbutt those who attack you in melee.
You have a pair of horns on your head.
You are partially covered in thin metallic scales. (AC +2)


Message History

The centaur warrior hits you!
You closely miss the centaur warrior.
The centaur warrior is heavily wounded.
The centaur warrior hits you!
* * * LOW HITPOINT WARNING * * *
You sock the centaur warrior!
The centaur warrior is severely wounded.
The centaur warrior hits you but does no damage.
You sock the centaur warrior!
The centaur warrior is severely wounded.
The centaur warrior hits you.
* * * LOW HITPOINT WARNING * * *
You closely miss the centaur warrior.
The centaur warrior is severely wounded.
The centaur warrior hits you!
* * * LOW HITPOINT WARNING * * *
You hit the centaur warrior.
The centaur warrior is almost dead.
The centaur warrior hits you!
You die...

#####################
.').#..'..#__#..')..#
.#..').#.)'..'..#)§.#
###'#####'#__####.§.+
##..#...#.####§§#####
_####..##§#§§§§§#§.#
____##'#§.'≈≈§§§@c.#
.∩...'..._#≈≈§§§#$.#
..__##_.#'##+#####'#
____###+#.#


P'$ ##### ### #§# §# # You could see an oklob plant and a centaur warrior.

Vanquished Creatures
  A centaur warrior (D)
  2 kobold demonologists (D)
  A hornet (D)
  A slime creature (D)
  Sigmund (D)
  A yak (D)
  A floating eye (D)
  An ogre (D)
  A jelly (D)
  Ijyb (D)
11 creatures vanquished.

Notes
Turn   | Place    | Note
-------+----------+-------------------------------------------
     0 | D        | wojtek the Minotaur Fighter began the quest for the Orb.
     0 | D        | Reached XP level 1. HP: 19/19 MP: 0/0
     1 | D        | Noticed Ijyb
     5 | D        | Killed Ijyb
     5 | D        | Reached skill level 5 in Maces & Flails
     5 | D        | Reached skill level 5 in Armour
     5 | D        | Reached XP level 2. HP: 28/28 MP: 1/1
    11 | D        | Noticed an ogre
    15 | D        | Killed an ogre
    15 | D        | Reached skill level 7 in Maces & Flails
    15 | D        | Reached XP level 3. HP: 27/37 MP: 2/2
    15 | D        | Reached XP level 4. HP: 32/44 MP: 3/3
   100 | D        | Noticed Sigmund
   105 | D        | Killed Sigmund
   105 | D        | Reached skill level 10 in Maces & Flails
   105 | D        | Reached skill level 5 in Dodging
   105 | D        | Reached XP level 5. HP: 35/53 MP: 4/4
   105 | D        | Reached XP level 6. HP: 41/61 MP: 5/5
   279 | D        | Found a burning altar of Makhleb.
   279 | D        | Found a viscous altar of Jiyva.
   279 | D        | Found a shimmering altar of Xom.
   279 | D        | Found a corrupted altar of Lugonu.
   279 | D        | Noticed a slime creature
   291 | D        | Killed a slime creature
   291 | D        | Reached skill level 11 in Maces & Flails
   294 | D        | Became a worshipper of Makhleb the Destroyer
   560 | D        | Found a deep blue altar of Sif Muna.
   562 | D        | Found a radiant altar of Vehumet.
   592 | D        | Found Toosav's Book Emporium.
   592 | D        | Found an ancient bone altar of Kikubaaqudgha.
   592 | D        | Found a hazy altar of Hepliaklqana.
   592 | D        | Found a hide-covered altar of Uskayaw.
   592 | D        | Found a basalt altar of Yredelemnul.
   592 | D        | Found an opulent altar of Gozag.
   592 | D        | Found a snail-covered altar of Cheibriados.
   592 | D        | Found a sacrificial altar of Ru.
   592 | D        | Found a shadowy altar of Dithmenos.
   592 | D        | Noticed a yak
   601 | D        | Killed a yak
   601 | D        | Reached skill level 12 in Maces & Flails
   601 | D        | Reached XP level 7. HP: 69/70 MP: 6/6
   602 | D        | Found a stormy altar of Qazlal.
   602 | D        | Found a blossoming altar of Fedhas.
   602 | D        | Found a bloodstained altar of Trog.
   602 | D        | Found an iron altar of Okawaru.
   602 | D        | Found a glowing golden altar of the Shining One.
   602 | D        | Found a glowing silver altar of Zin.
   602 | D        | Found a white marble altar of Elyvilon.
   603 | D        | Found a sparkling altar of Nemelex Xobeh.
   624 | D        | Noticed a kobold demonologist
   625 | D        | Noticed a kobold demonologist
   626 | D        | Paralysed by a floating eye for 4 turns
   631 | D        | Noticed a ynoxinul
   634 | D        | Paralysed by a floating eye for 2 turns
   636 | D        | Noticed an ice devil
   637 | D        | Killed a kobold demonologist
   637 | D        | Reached * piety under Makhleb
   641 | D        | Reached skill level 10 in Fighting
   641 | D        | Reached skill level 10 in Armour
   641 | D        | Reached skill level 5 in Shields
   650 | D        | Noticed a neqoxec
   653 | D        | Gained mutation: You are partially covered in thin metallic scales. (AC +2) [a neqoxec]
   656 | D        | Killed a kobold demonologist
   656 | D        | Reached skill level 13 in Maces & Flails
   656 | D        | Reached XP level 8. HP: 44/80 MP: 7/7
   815 | D        | Noticed a centaur warrior
   824 | D        | Killed a centaur warrior
   824 | D        | Reached ** piety under Makhleb
   824 | D        | Reached skill level 14 in Maces & Flails
   834 | D        | Noticed a hornet
   836 | D        | Noticed a centaur warrior
   837 | D        | Noticed an oklob plant
   843 | D        | Killed a hornet
   843 | D        | Reached XP level 9. HP: 89/89 MP: 8/8
   855 | D        | Mangled by a centaur warrior

Skill      XL: |  1  2  3  4  5  6  7  8 |
---------------+-------------------------+-----
Fighting       | 4 6 7 9 10 11 | 11.2
Maces & Flails | 5 7 10 12 13 14 | 14.5
Armour         | 5 6 7 9 10 11 | 11.2
Dodging        | 3 5 7 8 9 |  9.3
Shields        | 5 7 |  7.5

Action                   |  1- 3 |  4- 6 |  7- 9 || total
-------------------------+-------+-------+-------++-------
Melee: Flail             |     7 |    27 |    44 ||    78
       Headbutt          |     4 |     5 |     9 ||    18
Armor: Scale mail        |     1 |     4 |    24 ||    29
Dodge: Dodged            |     2 |     3 |    11 ||    16
Block: Shield            |     2 |     8 |    18 ||    28
